[Event "*** Titled Tuesday Blitz"]
[Site "Chess.com"]
[Date "2018.06.05"]
[Round "3"]
[White "mazetofonias"]
[Black "EmreDedebas"]
[Result "0-1"]
[WhiteElo "2536"]
[BlackElo "2385"]
[TimeControl "180+2"]
[EndTime "13:43:34 PDT"]
[Termination "EmreDedebas won by checkmate"]

1. d4 Nf6 2. Nf3 e6 3. Bg5 d5 4. Nbd2 Be7 5. c3 b6 6. Bxf6 Bxf6 7. e4 dxe4 8. Nxe4 Bb7 9. Bd3 Be7 10. Qe2 Nd7 11. O-O-O Nf6 12. Nxf6+ Bxf6 13. Kb1 Qd6 14. Rhe1 O-O-O 15. g3 Rhe8 16. Nd2 Qd7 17. f4 Kb8 18. Nc4 Qd5 19. Nd2 Qd7 20. Bb5 c6 21. Bc4 Qc7 22. Ne4 Be7 23. Rd2 c5 24. Red1 cxd4 25. Rxd4 Rxd4 26.
Rxd4 Rd8 27. Rxd8+ Qxd8 28. Bd3 g6 29. Nd2 Qd7 30. Nc4 Qc6 31. Qe5+ Kc8 32. Qh8+ Bd8 33.
Qxh7 Qh1+ 34. Kc2 Qg2+ 35. Nd2 f5 36. Qxg6 Kd7 37. Qh7+ Be7 38. Qh5 Bd5 39. c4 Bc6 40. Qe2 Qg1 41. a3 Bf6 42. Nb1 Ba4+ 43. b3 Bc6 44. Qd2 Ke7 45. a4 Qd4 46. Kc1 Qg1+ 47. Kc2 Qd4 48. Nc3 Qc5 49. Kb2 Qd4 50. h4 Be4 51. Kc2 Bf3 52. Be2 Qf2 53. Bxf3 Qxf3 54. Ne2 Qe4+ 55. Qd3 Qh1 56. Kd2 Qa1 57. Ke3 Qh1 58.
Qd2 Kf7 59. Qd7+ Be7 60. Kd2 Qb1 61. Qd3 Bb4+ 62. Ke3 Qe1 63. h5 Bc5+ 64. Kf3 Qf1# 0-1

[Event "*** Titled Tuesday Blitz"]
[Site "Chess.com"]
[Date "2018.06.05"]
[Round "3"]
[White "goodtimes2020"]
[Black "AndrewDGreen"]
[Result "0-1"]
[WhiteElo "2288"]
[BlackElo "2205"]
[TimeControl "180+2"]
[EndTime "13:43:36 PDT"]
[Termination "AndrewDGreen won by resignation"]

1. e4 c5 2. Nf3 g6 3. d4 cxd4 4. Qxd4 Nf6 5. Nc3 Nc6 6. Qa4 d6 7. e5 dxe5 8. Nxe5 Bg7 9. Bb5 O-O 10. Nxc6 bxc6 11. Bxc6 Bd7 12. Bxd7 Qxd7 13. Qxd7 Nxd7 14. Nd5 e6 15. Ne3 Rab8 16. c3 Nc5 17. Ke2 Na4 18. Nc4 Rfc8 19. Kd3 Rb5 20. b3 Nxc3 21. Bb2 Rd5+ 22.
Kc2 Ne4 23. Bxg7 Kxg7 24. Rhd1 Nxf2 25. Rd2 Ne4 26. Rd3 Nd6 27. Rc3 Nb5 28. Rd3 Na3+ 29. Kc3 Rdc5 30. Rd4 e5 31. Rd7 Nxc4 32. bxc4 Rxc4+ 33. Kd3 R8c7 34. Rxc7 Rxc7 35. Ke4 Kf6 36. Rd1 Ke6 37.
Rb1 f5+ 38. Kd3 e4+ 39. Kd4 Rd7+ 40. Ke3 Ke5 41. Rb5+ Rd5 42. Rb7 f4+ 43. Ke2 e3 44.
Re7+ Kf5 45. Rf7+ Ke4 46. Re7+ Re5 47. Rxa7 h5 48. Rg7 g5 49. a4 g4 50. Rf7 Rc5 51.
Re7+ Kf5 52. Rf7+ Ke5 53. Re7+ Kf6 54. Re4 Kf5 55. Re8 Rc2+ 56. Kf1 Rf2+ 57. Kg1 Ra2 58. Rf8+ Ke4 59. Re8+ Kd3 60. Rd8+ Ke2 61. h3 f3 62.
gxf3 gxf3 63. Kh2 f2 64. h4 f1=Q 65. Rg8 Qf2+ 66. Kh3 Qf1+ 67. Rg2+ Qxg2+ 68. Kxg2 Kd2 69. Kf3 e2 70. Kf4 e1=Q 71. Kg5 Qe5+ 72. Kh6 Rxa4 73.
Kg6 Ra6+ 74. Kf7 Qc7+ 0-1

[Event "*** Titled Tuesday Blitz"]
[Site "Chess.com"]
[Date "2018.06.05"]
[Round "3"]
[White "lucasmito"]
[Black "1e41-0"]
[Result "0-1"]
[WhiteElo "2320"]
[BlackElo "2406"]
[TimeControl "180+2"]
[EndTime "13:43:41 PDT"]
[Termination "1e41-0 won by resignation"]

1. e4 e6 2. d4 d5 3. Nc3 Bb4 4.
e5 b6 5. f4 Nh6 6. Nf3 Nf5 7.
Bd3 Ba6 8. O-O Bxd3 9. Qxd3 Qd7 10. Ne2 h5 11. Ng3 Nxg3 12. hxg3 g6 13. Ng5 Be7 14.
b3 Nc6 15. c3 Bxg5 16. fxg5 Ne7 17. Bf4 Nf5 18. Rfc1 O-O 19. a4 c5 20. a5 Rfc8 21.
Rc2 cxd4 22. cxd4 Rxc2 23. Qxc2 bxa5 24. Qd3 Rb8 25. Rxa5 Rb4 26. Be3 Qb7 27. Ra3 Qb6 28. Bf2 a5 29. Qc3 Kg7 30. Ra4 Rxb3 31. Qxa5 Qxa5 32.
Rxa5 Rb1+ 33. Kh2 Rb2 34. Kg1 Rd2 35. Ra4 Rd3 36. Kh2 Kf8 37. Ra8+ Ke7 38. Ra7+ Ke8 39. Ra8+ Ke7 40. Ra7+ Kf8 41. Ra8+ Kg7 42. Ra4 Ne7 43.
Ra6 Rc3 44. Ra2 Nc6 45. Rd2 Nb8 46. Be1 Rc4 47. Bf2 Nd7 48. Kh3 Rc3 49. Kh2 Nf8 50. Re2 Rd3 51. Be3 Nd7 52. Bf2 Nb6 53.
Rc2 Nc4 54. Ra2 Nd2 55. Ra4 Ne4 56. Be1 Nxg5 57. Ba5 Ne4 58. Bd8 g5 59. Rb4 Kg6 60.
Ra4 Nxg3 61. Ra8 Ne4 62. Be7 Rxd4 63. Rg8+ Kf5 64. Rg7 Kxe5 65. Bxg5 f6 66. Bh4 Kf5 67. Rh7 Kg6 68. Re7 e5 69. Re6 Kf5 70. Re7 Rd2 71. Rg7 d4 72. Rh7 Kg6 73. Rd7 d3 74. Be1 Rd1 75.
Bb4 d2 76. Rd8 Kf5 77. Rd7 Rb1 78. Bxd2 Rd1 79. g4+ hxg4 80. Rd3 Rxd2+ 81. Kg1 Rxd3 0-1

[Event "*** Titled Tuesday Blitz"]
[Site "Chess.com"]
[Date "2018.06.05"]
[Round "3"]
[White "ViktorMatviishen"]
[Black "saikrishnaReturns"]
[Result "0-1"]
[WhiteElo "2467"]
[BlackElo "2640"]
[TimeControl "180+2"]
[EndTime "13:43:47 PDT"]
[Termination "saikrishnaReturns won by resignation"]

1. d4 Nf6 2. c4 g6 3. Nc3 Bg7 4. e4 d6 5. Bd3 O-O 6. Nge2 Nc6 7. O-O e5 8. d5 Ne7 9. Bg5 Nd7 10. Qd2 f5 11.
exf5 gxf5 12. f3 Nc5 13. Bc2 Qe8 14. b4 Na6 15. a3 f4 16. Ne4 Nf5 17. Rae1 h6 18.
Bxf4 exf4 19. Nxf4 Qf7 20. Ng3 Be5 21. Ne6 Nxg3 22.
hxg3 Bxe6 23. dxe6 Qg7 24. Re4 Rf5 25. f4 Bc3 26.
Qd3 Re8 27. e7 Rf7 28. Qd5 c6 29. Qxd6 Rfxe7 30. Rxe7 Rxe7 31. Qd8+ Qf8 32. Qd3 Qf6 33. Rd1 Nc7 34. Qd8+ Ne8 35. Qc8 Bd4+ 36. Kf1 Kf8 37. Qg4 Bc3 38. Qf3 Bb2 39. c5 Nc7 40. Bb3 Bd4 41. Qd3 Re3 42. Qxd4 Qxd4 43. Rxd4 Rxb3 44. Rd7 Nb5 45. Rxb7 Rxa3 46. Rb8+ Kf7 47. Rc8 Nd4 48. Rc7+ Kf6 49. Rh7 Kg6 50. Rd7 Nf5 51. g4 Ne3+ 52. Ke2 Nxg4 53. Rd6+ Kf5 54. Rxc6 Kxf4 55. Rc7 Ne5 56. Kd2 Ke4 57. b5 Kd4 58. Kc2 Rc3+ 59. Kb2 Rxc5 60. Rxa7 Rxb5+ 61. Kc2 Nc4 62. Rd7+ Rd5 63. Rh7 Rh5 64. Rd7+ Ke4 65. Kc3 Ne5 66.
Rd4+ Kf5 67. Rd5 Rg5 68. Kd4 Rg4+ 69. Kc5 Rxg2 70. Kd6 Rg6+ 71. Kc5 h5 72. Rd4 Rg4 73. Rd1 h4 74. Kd5 Nf3 75. Rf1 Kf4 76. Kc5 h3 77. Kb5 h2 78. Kc4 Rg1 79. Rf2 0-1

[Event "*** Titled Tuesday Blitz"]
[Site "Chess.com"]
[Date "2018.06.05"]
[Round "3"]
[White "Ar4uha"]
[Black "PulpanJ"]
[Result "1-0"]
[WhiteElo "2588"]
[BlackElo "2629"]
[TimeControl "180+2"]
[EndTime "13:43:56 PDT"]
[Termination "Ar4uha won on time"]

1. e4 e5 2. Nf3 Nc6 3. d4 exd4 4. Nxd4 Bb4+ 5. c3 Bc5 6. Be3 Bb6 7. Nf5 Bxe3 8.
Nxe3 Nf6 9. f3 O-O 10. c4 d6 11.
Nc3 Be6 12. Qd2 Qe7 13. Be2 Nh5 14. O-O Nf4 15. Ned5 Nxe2+ 16. Qxe2 Bxd5 17. Nxd5 Qd7 18. Rad1 Ne7 19. Qf2 f5 20. e5 Nxd5 21. Rxd5 Qc6 22. exd6 cxd6 23. Qd4 Rad8 24. Rd1 Rfe8 25. b3 g6 26. Rxd6 Rxd6 27. Qxd6 Qxd6 28. Rxd6 Re2 29. a4 b6 30. Rd8+ Kg7 31. Rd7+ Kh6 32. Rxa7 Rb2 33.
Rb7 Rxb3 34. a5 Rc3 35. axb6 Rxc4 36. Rc7 Rb4 37. b7 Rb2 38. h4 g5 39. hxg5+ Kxg5 40. Rxh7 Kf4 41. Kh2 Rb1 42. Re7 Rb2 43. Rf7 Rb3 44.
Kg1 Rb2 45. Kf1 Ke3 46. Re7+ Kd3 47. g4 f4 48. g5 Rb1+ 49. Kg2 Rb2+ 50. Kh3 Kd4 51.
Kg4 Kd5 52. Kxf4 Kd6 53. Rf7 Ke6 54. g6 Rb4+ 55. Kg5 Rb1 56. f4 Rg1+ 57. Kh6 Rh1+ 58. Kg7 Rb1 59. f5+ Ke5 60. Kf8 Rd1 61.
b8=Q+ Ke4 62. g7 Kf3 63. g8=Q Ke2 64. Qg4+ Ke3 65. Re7+ 1-0

[Event "*** Titled Tuesday Blitz"]
[Site "Chess.com"]
[Date "2018.06.05"]
[Round "3"]
[White "Triumphmate"]
[Black "jlucasvf"]
[Result "0-1"]
[WhiteElo "2163"]
[BlackElo "2282"]
[TimeControl "180+2"]
[EndTime "13:44:03 PDT"]
[Termination "jlucasvf won by resignation"]

1. e4 e5 2. Nf3 Nc6 3. Nc3 Nf6 4. Bb5 Bc5 5. Nxe5 Nxe5 6. d4 Bd6 7. f4 Neg4 8. e5 Bb4 9. h3 Nh6 10. exf6 Qxf6 11. O-O O-O 12. Ne4 Qb6 13. a4 d5 14.
Ng5 Nf5 15. c3 Be7 16. Bd3 h6 17. Nf3 c5 18. Bxf5 Bxf5 19. Qe2 Rfe8 20. Qf2 c4 21.
Ne5 f6 22. Ng4 Bd3 23. Re1 Bd6 24. Be3 Re7 25. f5 Rae8 26. Bxh6 Rxe1+ 27. Rxe1 Rxe1+ 28. Qxe1 Bxf5 29. Qe2 Qd8 30. Bc1 Qe7 31. Qf3 Qe1+ 32. Qf1 Qe6 33. Ne3 Be4 34. Qf2 f5 35. Nc2 Bxc2 36. Be3 Be4 37. Bf4 Bd3 38. Bxd6 Qxd6 39. Qe3 Kf7 40. Qg5 Qf6 41. Qd2 Qe6 42. Qg5 Qf6 43. Qd2 g5 44. Qe3 f4 45. Qf3 Be4 46.
Qh5+ Kg7 47. Qe8 f3 48. gxf3 Qxf3 49. Qe7+ Qf7 50. Qe5+ Qf6 51. Qc7+ Kh6 52. Qxb7 Qf3 53. Qc6+ Kh5 54. Qe8+ Kh4 55. Qh8+ Kg3 56. Qe5+ Kxh3 57.
Qxg5 Qg3+ 58. Qxg3+ Kxg3 59. Kf1 a5 60. Ke2 Bc2 61. Ke3 Bxa4 62. Kd2 Kf2 63. Kc1 Bb3 64. Kb1 Ke2 65. Kc1 Ke1 66. Kb1 Kd2 67. Ka1 a4 68.
Kb1 a3 69. Ka1 axb2+ 70. Kxb2 Kd3 71. Ka3 Bd1 72. Kb2 Bg4 73. Ka3 Kxc3 74. Ka4 Kxd4 75.
Ka3 c3 76. Ka2 Kd3 77. Kb1 Kd2 78. Ka1 c2 79. Ka2 c1=Q 80. Kb3 Qc3+ 81. Ka2 Qb4 0-1

[Event "*** Titled Tuesday Blitz"]
[Site "Chess.com"]
[Date "2018.06.05"]
[Round "3"]
[White "carlesdc96"]
[Black "Anton_Demchenko"]
[Result "1-0"]
[WhiteElo "2564"]
[BlackElo "2764"]
[TimeControl "180+2"]
[EndTime "13:44:05 PDT"]
[Termination "carlesdc96 won on time"]

1. e4 c5 2. Nf3 d6 3. Bb5+ Nc6 4. O-O Bd7 5. Re1 Nf6 6. h3 g5 7. Bxc6 Bxc6 8. e5 dxe5 9. Nxe5 Qd5 10. Nxc6 Qxc6 11.
d3 O-O-O 12. Nd2 Rg8 13. Qf3 Qxf3 14. Nxf3 h6 15. Ne5 Rg7 16. a4 Nd5 17. Bd2 f6 18.
Nc4 e5 19. Rad1 h5 20. Ne3 Nc7 21. Nf5 Rgd7 22. b3 h4 23. Re4 Ne6 24. Be3 b6 25. g3 hxg3 26. fxg3 Kb7 27. Rf1 Rh7 28. Kg2 Rdd7 29. h4 gxh4 30. gxh4 a6 31. Rg4 b5 32. axb5 axb5 33. Rg6 Rdf7 34. Ng3 Be7 35. h5 Nf8 36. Rg4 Kc6 37. h6 Nd7 38. Nf5 Bf8 39. Ra1 Kb7 40. Ra5 b4 41. Kh3 Rh8 42.
Kh4 Rhh7 43. Kh5 Kb8 44. Ra1 Kb7 45. Rg8 Nb6 46. Kg6 Nd7 47. Kh5 Nb6 48. Rag1 Nd7 49. R1g6 Kc6 50. Rg2 Kd5 51. Bd2 e4 52. dxe4+ Kxe4 53.
Rf2 Kd5 54. Rg4 Ne5 55. Rg1 Ke6 56. Bc1 Rh8 57. Bb2 Rhh7 58. Bxe5 fxe5 59. Rg6+ Kd5 60. Ne3+ Ke4 61. Rxf7 Rxf7 62. Ng4 Bxh6 63. Rxh6 Rf1 64. Rc6 Kd4 65. Re6 e4 66. Rd6+ Kc3 67. Ne3 Rf3 68. Nc4 Kxc2 69. Na5 e3 70. Re6 c4 71. Nxc4 Kxb3 72. Nxe3 Kc3 73. Kg4 1-0

[Event "*** Titled Tuesday Blitz"]
[Site "Chess.com"]
[Date "2018.06.05"]
[Round "3"]
[White "cukus"]
[Black "guillembaches"]
[Result "1-0"]
[WhiteElo "2370"]
[BlackElo "2220"]
[TimeControl "180+2"]
[EndTime "13:44:07 PDT"]
[Termination "cukus won on time"]

1. e4 c5 2. Nf3 d6 3. d4 cxd4 4.
Nxd4 Nf6 5. Nc3 Nc6 6. Bg5 e6 7. Qd3 h6 8. Bh4 Qb6 9. Nb3 Ne5 10. Qd2 g5 11. Bg3 Be7 12. O-O-O a6 13. Kb1 Bd7 14. f3 Rc8 15. h4 Rg8 16. hxg5 hxg5 17. Rh6 Qc7 18.
f4 gxf4 19. Bxf4 b5 20. a3 Nfg4 21. Rh7 Nf6 22. Rh6 Nfg4 23. Rh1 Bc6 24. Nd4 Bd7 25. Nf3 Qb6 26. Nxe5 Nxe5 27. Bxe5 b4 28. axb4 Qxb4 29. Bxd6 Bxd6 30. Qxd6 Qb7 31. Qd4 Rb8 32. Ne2 Bc6 33. Rh8 Rxh8 34. Qxh8+ Ke7 35. Qh4+ Ke8 36. Qh8+ Ke7 37.
Qd4 Bxe4 38. Nc1 Rc8 39. Bd3 Bxg2 40. Qh4+ Ke8 41. Qh8+ Ke7 42. Qh4+ Ke8 43. Rg1 Rb8 44.
b3 Kd7 45. Qf2 Bf3 46. Rf1 Bh5 47. Qd4+ Qd5 48. Qxd5+ exd5 49. Rf5 Bg6 50. Rxd5+ Ke6 51. Ra5 Bxd3 52. Nxd3 f5 53. Rxa6+ Kd5 54. Ra4 Rh8 55.
Kb2 Rh1 56. Rf4 Ke6 57. b4 Kf6 58. Kb3 Kg5 59. b5 Rb1+ 60. Kc4 Rd1 61. Rf2 Rb1 62. Kc5 Kg4 63. c4 Rb3 64. Ne5+ Kg5 65. b6 f4 66. Kc6 Kf5 67. Nd7 Ke4 68. Nc5+ Ke3 69. Rxf4 1-0

[Event "*** Titled Tuesday Blitz"]
[Site "Chess.com"]
[Date "2018.06.05"]
[Round "3"]
[White "Swarnapuri"]
[Black "Robert_Chessmood"]
[Result "0-1"]
[WhiteElo "2430"]
[BlackElo "2729"]
[TimeControl "180+2"]
[EndTime "13:44:11 PDT"]
[Termination "Robert_Chessmood won by resignation"]

1. d4 d5 2. Bf4 Bf5 3. c4 e6 4.
Nc3 Nf6 5. e3 Bb4 6. Bd3 Bxd3 7.
Qxd3 O-O 8. Ne2 c5 9. dxc5 Nbd7 10. cxd5 Nxd5 11. O-O Nxc5 12. Qc4 Nxf4 13. Nxf4 Bxc3 14.
Qxc3 Rc8 15. Rfd1 Qe7 16. Rac1 Rc6 17. Qe5 Nd7 18. Qb5 Rxc1 19. Rxc1 Nf6 20. Qc5 Qxc5 21. Rxc5 Rd8 22. Kf1 Kf8 23. Ke2 Ne4 24. Rc2 Ke7 25.
f3 Nd6 26. e4 Nb5 27. Ke3 Rd7 28. Nd3 h6 29. h4 Nd6 30. Ne5 Rd8 31. Rc7+ Ke8 32.
a4 Rc8 33. Rxc8+ Nxc8 34. Nc4 Kd7 35. Ne5+ Ke7 36. Nc4 f6 37. f4 Kd7 38. Kd4 Ne7 39.
a5 Nc6+ 40. Kc5 Kc7 41. b4 Nb8 42. b5 Nd7+ 43. Kd4 a6 44. bxa6 bxa6 45. f5 exf5 46. exf5 Kc6 47. Ne3 Nc5 48. Kc4 Nb7 49. Kb4 h5 50. g4 hxg4 51. Nxg4 Kd5 52. h5 Nd8 53. h6 gxh6 54. Nxf6+ Kd6 55. Ng4 h5 56. Ne3 Nc6+ 57. Ka4 Ke5 58. Kb3 Nxa5+ 59. Kb4 Nb7 60. Kc4 Nd6+ 61.
Kc5 Nxf5 62. Nf1 Kf4 63. Kb6 h4 64. Kxa6 Ne3 0-1

[Event "*** Titled Tuesday Blitz"]
[Site "Chess.com"]
[Date "2018.06.05"]
[Round "3"]
[White "Ravan_02"]
[Black "GadimbayliA"]
[Result "0-1"]
[WhiteElo "2484"]
[BlackElo "2460"]
[TimeControl "180+2"]
[EndTime "13:44:14 PDT"]
[Termination "GadimbayliA won by resignation"]

1. Nf3 d5 2. g3 Nf6 3. Bg2 c6 4. O-O Bg4 5. d3 Nbd7 6. Nc3 e5 7. e4 Bd6 8. Qe1 O-O 9. Nh4 Re8 10. exd5 cxd5 11.
Nxd5 Nxd5 12. Bxd5 Rc8 13. c3 Nc5 14. Qe3 Be7 15.
Bf3 Bxf3 16. Nxf3 Qxd3 17. Nxe5 Qd5 18. Qd4 Qe6 19. Bf4 Bf6 20. Rfe1 Qf5 21. Qd5 Re7 22.
Rad1 g5 23. Bc1 Rxe5 24. Rxe5 Qxe5 25. Qf3 Kg7 26. Be3 Ne4 27. Bd4 Qe6 28. Re1 Bxd4 29. Rxe4 Be5 30. Qe2 Re8 31. Qh5 Qf5 32. Qe2 Re6 33.
Kg2 Bf6 34. Rxe6 Qxe6 35. Qf3 Qc6 36. Qxc6 bxc6 37. Kf3 Be5 38. Ke4 Kf6 39. a4 Ke6 40. Kd3 f5 41. Kc4 g4 42. Kc5 Kd7 43. Kb4 Bc7 44.
a5 Ke6 45. Kc5 Bxa5 46. Kxc6 Bb6 47. c4 Bxf2 48. b4 Bg1 49. c5 Bxh2 50. Kb7 Bxg3 51. Kxa7 Bf2 52. Kb7 Bg3 53. c6 Be5 54. b5 g3 55. b6 g2 56. c7 Bxc7 57. bxc7 g1=Q 58. c8=Q+ Ke5 59. Qc7+ Ke4 60. Qe7+ Kf4 61. Qh4+ Qg4 62. Qh6+ Kg3 63. Qxh7 f4 64. Qb1 Kh3 65. Qh1+ Kg3 66. Qg1+ Kh4 67. Qe1+ Qg3 68. Qe7+ Kh3 69. Qe6+ Kh2 70.
Qh6+ Kg1 71. Qb6+ Kh1 72. Qh6+ Kg2 73. Qc6+ Qf3 0-1

[Event "*** Titled Tuesday Blitz"]
[Site "Chess.com"]
[Date "2018.06.05"]
[Round "3"]
[White "Last7Samurai"]
[Black "Paralinch"]
[Result "0-1"]
[WhiteElo "2695"]
[BlackElo "2832"]
[TimeControl "180+2"]
[EndTime "13:44:17 PDT"]
[Termination "Paralinch won by resignation"]

1. e4 c6 2. Nf3 d5 3. exd5 cxd5 4. Ne5 Nf6 5. d4 g6 6. c3 Bg7 7. h3 O-O 8. Bf4 Nc6 9. Bd3 Nd7 10. Nxd7 Bxd7 11.
O-O e5 12. dxe5 Nxe5 13. Be2 Be6 14. Nd2 Qb6 15. Nb3 Nc4 16. Qc1 Rac8 17. Re1 a5 18. Bxc4 dxc4 19. Nd4 Rfe8 20. Nxe6 Rxe6 21. Rxe6 Qxe6 22.
Qd2 Re8 23. Rd1 h5 24. Be3 b5 25. Qd5 b4 26. Qxa5 bxc3 27. bxc3 Kh7 28. a4 Qe4 29. Qd5 Qxd5 30. Rxd5 Ra8 31. a5 Bxc3 32. Rc5 Rxa5 33. Rxc4 Be5 34. g3 Rd5 35. Kg2 Kg7 36. h4 Bf6 37. Bf4 Rd4 38. Rxd4 Bxd4 39. f3 Kf6 40. g4 Ke6 41. Bd2 Bf6 42. Kg3 Be5+ 43. f4 Bd6 44. Kf3 f5 45. g5 Kd5 46. Be3 Kc4 47. Bc1 Kd3 48. Be3 Bb4 49. Bf2 Bd2 50. Bg3 Be3 51. Be1 Bd4 52. Bg3 Kd2 53. Bh2 Ke1 54.
Bg3+ Kf1 55. Bf2 Bc3 56. Bg3 Kg1 57. Bf2+ Kh2 58. Bg3+ Kh3 59. Bf2 Bd2 60. Bg3 Be3 61. Be1 Bg1 62. Bg3 Bc5 63. Be1 Bd4 64. Bg3 Bc3 65. Bf2 Bd2 66. Bg3 Ba5 67. Bf2 Kh2 68. Bg3+ Kg1 69. Bf2+ Kf1 70. Bg3 Bd2 71. Bh2 Be1 72.
Ke3 Kg2 73. Kd4 Bxh4 74. Ke5 Bxg5 75. fxg5 Kxh2 76. Kf6 f4 77. Kxg6 f3 78. Kxh5 f2 79. g6 f1=Q 80. g7 Qf7+ 81. Kh6 Qg8 0-1

[Event "*** Titled Tuesday Blitz"]
[Site "Chess.com"]
[Date "2018.06.05"]
[Round "3"]
[White "Divertissement"]
[Black "TrimitziosP7"]
[Result "1-0"]
[WhiteElo "2548"]
[BlackElo "2742"]
[TimeControl "180+2"]
[EndTime "13:44:17 PDT"]
[Termination "Divertissement won by resignation"]

1. d4 d5 2. Nf3 c6 3. Bf4 Qb6 4. Qc1 Nf6 5. e3 Bf5 6. Be2 e6 7. O-O h6 8. h3 Be7 9. c4 O-O 10. Nc3 Nbd7 11. c5 Qd8 12. b4 Ne4 13. b5 Bf6 14.
Rd1 Ndxc5 15. bxc6 bxc6 16. Nxe4 Nxe4 17. Qxc6 Rc8 18. Qa6 Nc3 19. Re1 Nxe2+ 20. Rxe2 Qd7 21. Be5 Rc6 22. Qa5 Be7 23. Bf4 f6 24. Rb2 Rfc8 25.
Kh2 Bd8 26. Qa4 Bb6 27. Rc1 Qb7 28. Rxc6 Qxc6 29. Qxc6 Rxc6 30. Bb8 Rc3 31. Nd2 Bd3 32. Nb3 Bc4 33. Bd6 Kh7 34. Nc5 Bxc5 35. Bxc5 a5 36.
a3 Bb3 37. Bb6 a4 38. Ba5 Rc1 39. Bb4 g5 40. Re2 Kg6 41. Re1 Rc2 42. Kg3 e5 43. Bc5 Kf5 44. Rh1 h5 45. h4 g4 46. Re1 Ke4 47. f3+ gxf3 48. gxf3+ Kd3 49. f4 e4 50. f5 Rc4 51. Be7 Kd2 52. Kf2 Rc6 53. Bb4+ Kd3 54. Kg3 Rb6 55. Bc5 Ra6 56. Kf4 Kd2 57. Rg1 Bd1 58. Rg6 Bg4 59. Be7 Kc2 60. Rxf6 Ra8 61. Bc5 Kd3 62. Rg6 Rb8 63. f6 Rb1 64. Rg7 Rf1+ 65.
Ke5 Rf5+ 66. Ke6 Rg5+ 67. Ke7 Rf5 68. f7 Kxe3 69. f8=Q Rxf8 70. Kxf8 Kd3 71. Ra7 Bd1 72. Kf7 e3 73. Kf6 e2 74. Re7 Kd2 75. Bb4+ Kd3 76.
Bc5 Bb3 77. Re5 Bd1 78. Ke6 Bb3 79. Kd6 Bc4 80. Bb4 Kxd4 81. Rxh5 Bd3 82. Re5 Be4 83. h5 Kc4 84. h6 Bd3 85. Rxd5 1-0

[Event "*** Titled Tuesday Blitz"]
[Site "Chess.com"]
[Date "2018.06.05"]
[Round "3"]
[White "TomPolgar"]
[Black "26andrej26"]
[Result "1-0"]
[WhiteElo "2286"]
[BlackElo "2356"]
[TimeControl "180+2"]
[EndTime "13:44:28 PDT"]
[Termination "TomPolgar won by resignation"]

1. e4 c5 2. Nf3 d6 3. Bb5+ Nd7 4. a4 a6 5. Bc4 Ngf6 6. Nc3 e6 7.
O-O Be7 8. d3 O-O 9. Bd2 b6 10.
Re1 Bb7 11. Qe2 Re8 12. d4 d5 13. exd5 exd5 14. Bd3 Bd6 15. Qf1 c4 16. Bf5 g6 17. Bxd7 Qxd7 18. Ne5 Qc7 19. f4 Nd7 20. Qf3 Nf6 21. Re2 Ne4 22. Nxe4 dxe4 23. Qg3 f6 24.
Ng4 Qg7 25. Qh4 Be7 26. Ne3 f5 27. Qg3 Rac8 28. Bc3 Bf6 29. Rd1 Red8 30. Red2 b5 31. axb5 axb5 32. d5 Bxc3 33. bxc3 Qxc3 34. Nxf5 Qxg3 35.
Nxg3 e3 36. Re2 Rxd5 37. Rxd5 Bxd5 38. Rxe3 b4 39. Re5 Bf7 40. Rb5 b3 41. cxb3 c3 42. Ne2 c2 43. Nc1 Rd8 44. Kf2 Rd1 45. Ne2 Rd2 46. Rc5 Bxb3 47. Ke3 Rd1 48. Rc3 Ba4 49. Rc4 Ra1 50. Kd2 Ra2 51. Nc1 Ra3 52. Ne2 Kf7 53. Nc3 Bb3 54. Rc7+ Ke6 55. Ne2 Ra1 56. Nd4+ Kd6 57.
Rc3 Rd1+ 58. Ke2 Ba4 59. Nxc2 Bxc2 60. Rxc2 Rh1 61. h3 Kd5 62. Kf3 Rf1+ 63. Kg4 Ke4 64. Re2+ Kd3 65. Re7 Rf2 66. g3 h5+ 67. Kh4 Rf3 68. Re6 Kd2 69. Rxg6 Ke3 70. Rg5 Kf2 71. Rg8 Kg2 72. Kxh5 Kxh3 73. Rg5 Kh2 74. f5 Kh3 75. g4 Kg3 76. Rg8 Kf4 77. f6 Rh3+ 78. Kg6 Rg3 79. f7 Rxg4+ 80. Kf6 1-0

[Event "*** Titled Tuesday Blitz"]
[Site "Chess.com"]
[Date "2018.06.05"]
[Round "3"]
[White "walkingcreep"]
[Black "Oleksandr_Bortnyk"]
[Result "0-1"]
[WhiteElo "2430"]
[BlackElo "2788"]
[TimeControl "180+2"]
[EndTime "13:44:37 PDT"]
[Termination "Oleksandr_Bortnyk won by resignation"]

1. d4 Nf6 2. c4 b6 3. Nc3 Bb7 4. d5 e5 5. a3 Bd6 6. g3 O-O 7.
Bg2 a5 8. b3 Na6 9. e4 Nc5 10.
Be3 a4 11. b4 Nb3 12. Ra2 Ba6 13. b5 Bb7 14. Nxa4 Rxa4 15. Qxb3 Qa8 16. Ne2 Rxa3 17. Rxa3 Qxa3 18. Qxa3 Bxa3 19. O-O Ra8 20. Ra1 Ne8 21. Nc3 Nd6 22. Bf1 Kf8 23. Bd3 Ke7 24. f4 f6 25.
f5 Ra5 26. Kf2 h6 27. Ke2 Ra8 28. Kd1 Nf7 29. h4 Kd6 30. Kc2 Bc5 31. Rxa8 Bxa8 32. Bc1 Ke7 33. Na4 Bf2 34. h5 Bxg3 35. c5 bxc5 36.
Nxc5 Bf2 37. Na6 Bb6 38. Ba3+ d6 39. Kb3 Bb7 40. Ka4 Ng5 41. Bb4 Bc8 42. Ba5 Kd8 43.
Nb8 Bb7 44. Na6 Bc8 45. Nb8 Nh3 46. Nc6+ Ke8 47. Be2 Nf4 48. Bf3 Bd7 49. Nb4 Kd8 50. Nc6+ Kc8 51. Ne7+ Kb7 52. Ng6 Nd3 53. Nf8 Nc5+ 54.
Kb4 Nd3+ 55. Ka4 Be8 56. Ne6 Nb2+ 57. Kb4 Nd3+ 58. Ka4 Nc5+ 59. Kb4 Bxa5+ 60. Kxa5 Nb3+ 61. Kb4 Nd4 62. Nxg7 Bxb5 63. Bg4 Bd3 64. Ne6 Bxe4 65. Kc4 Nxf5 66. Nd8+ Kc8 67. Bxf5+ Bxf5 68. Nf7 Bg4 69. Nxh6 Bxh5 70. Ng8 Be2+ 71. Kc3 Bf3 72. Nxf6 Kb7 73.
Kc4 c6 74. dxc6+ Kxc6 75. Kd3 d5 76. Ke3 Bd1 77. Kd2 Ba4 78. Kd3 Bb5+ 79. Ke3 Kd6 80. Ng4 Ke6 81. Nf2 d4+ 82. Kd2 Kd5 83. Ng4 e4 84. Nf6+ Ke5 85. Ng4+ Kf5 86. Nh6+ Kf4 87.
Nf7 e3+ 88. Kc2 d3+ 89. Kc3 d2 0-1

[Event "*** Titled Tuesday Blitz"]
[Site "Chess.com"]
[Date "2018.06.05"]
[Round "3"]
[White "Andreikka"]
[Black "champ2005"]
[Result "1-0"]
[WhiteElo "2794"]
[BlackElo "2559"]
[TimeControl "180+2"]
[EndTime "13:44:42 PDT"]
[Termination "Andreikka won by checkmate"]

1. d4 Nf6 2. Nf3 e6 3. Bf4 d5 4. e3 c5 5. c3 Bd6 6. Bg3 O-O 7. Nbd2 Qc7 8. dxc5 Qxc5 9. Bd3 Qc7 10. e4 dxe4 11.
Nxe4 Nxe4 12. Bxe4 Rd8 13. Qc2 f5 14. Bd3 b6 15. O-O-O Nc6 16. Rhe1 Bxg3 17. hxg3 Na5 18. Nd4 Qf7 19. Kb1 g6 20. Qe2 Re8 21. Bb5 Re7 22.
Qe5 Bb7 23. f3 a6 24. Bf1 Bd5 25. b3 b5 26. Kb2 Rae8 27. Rd2 Qg7 28. Qd6 Nb7 29.
Qxa6 Nc5 30. Qxb5 Rc8 31. Nc6 Rec7 32. Qxc5 Rxc6 33. Qd4 Rxc3 34. Qxg7+ Kxg7 35. Bc4 R3xc4 36. bxc4 Rxc4 37. Rc1 Rb4+ 38. Ka1 Rb7 39. Rc3 Ra7 40. a3 Kf6 41. Rd4 g5 42. a4 Ke5 43. Rb4 f4 44. g4 Kd6 45. Kb2 h5 46. gxh5 Rh7 47. a5 Rxh5 48.
a6 Rh2 49. Rc2 Rh8 50. Rb6+ Ke5 51. Rd2 Ra8 52. Kc3 Kf5 53. Kb4 g4 54. Rd3 gxf3 55.
gxf3 Kg5 56. Kc5 Kh4 57. Kd6 Kg3 58. Ke5 Ra7 59. Ra3 Bc4 60. Ra4 Bd5 61. Rxf4 Bxf3 62.
Ra4 Bd5 63. Ra5 Kg4 64. Rc5 Kg5 65. Rc8 Kg6 66. Rg8+ Kf7 67. Rgb8 Kg6 68. Rd8 Kf7 69. Rc8 Ke7 70. Rh8 Ra8 71. Rxa8 Bxa8 72. Rb8 Bd5 73. a7 Kd7 74. a8=Q Bxa8 75. Rxa8 Kc6 76. Kxe6 Kb7 77. Rd8 Kc7 78. Rd6 Kb7 79. Kd7 Ka7 80. Kc7 Ka8 81. Ra6# 1-0

[Event "*** Titled Tuesday Blitz"]
[Site "Chess.com"]
[Date "2018.06.05"]
[Round "3"]
[White "NMJeevanK"]
[Black "BlueWizzard"]
[Result "1-0"]
[WhiteElo "2335"]
[BlackElo "2461"]
[TimeControl "180+2"]
[EndTime "13:44:43 PDT"]
[Termination "NMJeevanK won by resignation"]

1. e4 Nf6 2. e5 Nd5 3. c4 Nb6 4. d4 d6 5. exd6 exd6 6. Nc3 Be7 7. Nf3 Nc6 8. Be3 Bg4 9. b3 O-O 10. h3 Bh5 11. Be2 Bf6 12. Rc1 Re8 13. O-O d5 14. cxd5 Nb4 15. Bb5 Rf8 16. Bc4 Be7 17. g4 Bg6 18. Ne5 N4xd5 19. Nxd5 Nxd5 20. Bxd5 Qxd5 21. Rxc7 Bd6 22. Rc4 Rad8 23. f4 Rfe8 24. Qc1 Bxe5 25. dxe5 h5 26. Rd4 Qa5 27. f5 Qxe5 28. Rxd8 Qg3+ 29. Kh1 Qxh3+ 30. Kg1 Qg3+ 31. Kh1 Rxd8 32. fxg6 fxg6 33. Qc4+ Kh8 34. Qf4 Qh3+ 35. Kg1 Rd3 36.
Bf2 Rf3 37. Qe4 hxg4 38. Rd1 Qh6 39. Qxg4 Rf5 40. Bg3 Rg5 41. Qf3 Qh3 42. Rd3 Rf5 43. Qg2 Qh5 44. Rd8+ Kh7 45. Qh2 Rg5 46. Qxh5+ gxh5 47. Kh2 Rf5 48. Rd4 b6 49. Rd7 a5 50. Rb7 Rb5 51. Bf2 Rf5 52. Bxb6 Kg6 53. Bd4 Rd5 54. Rxg7+ Kh6 55. Ra7 Rxd4 56. Rxa5 Rd2+ 57. Kh3 Rd3+ 58.
Kg2 Rd4 59. Rf5 Kg6 60. Rf3 Kg5 61. a4 Rb4 62. Rc3 h4 63. Kh3 Kf6 64. Rd3 Ke5 65.
Rc3 Kd4 66. Rf3 Kd5 67. Re3 Kd4 68. Rf3 Kc5 69. Rf5+ Kc6 70. Rf3 Kb6 71. Kg2 Ka5 72. Kf2 Kb6 73. Ke2 Kc6 74. Kd2 Rg4 75. Ke2 Rg2+ 76.
Ke3 Rg4 77. Kf2 Kc5 78. Rh3 Kd4 79. Kf3 Re4 80. a5 Ke5 81. a6 Rf4+ 82. Ke3 Rb4 83. a7 Rxb3+ 84. Kd2 Rxh3 85. a8=Q Kf4 86. Ke2 Rh2+ 87.
Kf1 Kg3 88. Kg1 Re2 89. Qg8+ Kh3 90. Qf8 Re3 91. Qf5+ Kg3 92. Qf2+ Kg4 93. Qxe3 1-0